Map: Mech Depot LE

Players

llllllllllll

  • Race: Protoss Protoss
  • League: Master
  • Spawn Location: 7:00

IIIIIIIIIIII - Winner!

  • Race: Protoss Protoss
  • League: Master
  • Spawn Location: 1:00

VOD

Have the link to the VOD?

Description

Time

  • Played on: July 26, 2017, 2:34 a.m.
  • Length: 13:59
Show
View Real Time Build Order
Export as new Build Order

llllllllllll Protoss 

Build Orders: Archon Immortal, Blink Stalkers 

Get SALT Encoding   

  12  0:01  Probe (Chrono Boost)  
  13  0:11  Probe (Chrono Boost)  
  14  0:20  Pylon  
  14  0:22  Probe (Chrono Boost)  
  15  0:38  Probe (Chrono Boost)  
  15  0:39  Gateway  
  16  0:46  Assimilator  
  16  0:48  Probe (Chrono Boost)  
  17  0:53  Assimilator  
  17  0:59  Probe (Chrono Boost)  
  18  1:10  Probe (Chrono Boost)  
  19  1:14  Gateway  
  19  1:20  Probe (Chrono Boost)  
  20  1:30  Cybernetics Core  
  20  1:31  Probe (Chrono Boost)  
  21  1:41  Probe (Chrono Boost)  
  21  1:45  Pylon  
  22  1:52  Probe (Chrono Boost)  
  23  2:03  Probe (Chrono Boost)  
  23  2:06  Stalker x2  
  28  2:15  Pylon  
  28  2:21  Mothership Core  
  28  2:22  Warp Gate (Chrono Boost)  
  30  2:43  Probe  
  31  2:50  Nexus  
  31  3:01  Twilight Council  
  31  3:08  Stalker  
  33  3:16  Stalker  
  35  3:21  Probe (Chrono Boost)  
  35  3:29  Pylon  
  35  3:33  Probe (Chrono Boost)  
  36  3:42  Blink (Chrono Boost)  
  36  3:43  Probe (Chrono Boost)  
  37  3:55  Probe  
  38  4:01  Robotics Facility, Probe  
  38  4:07  Probe  
  40  4:12  Probe  
  41  4:17  Stalker  
  41  4:19  Probe  
  41  4:22  Probe  
  44  4:26  Stalker  
  47  4:31  Probe  
  47  4:33  Probe  
  49  4:43  Probe  
  49  4:44  Probe  
  51  4:48  Observer  
  51  4:49  Stalker x2  
  56  4:53  Pylon  
  56  4:54  Probe  
  56  4:56  Probe  
  58  5:05  Probe  
  59  5:08  Pylon, Probe  
  59  5:12  Observer  
  59  5:13  Stalker x2  
  65  5:15  Probe  
  65  5:20  Probe  
  67  5:26  Pylon, Probe  
  68  5:34  Nexus  
  68  5:38  Sentry x2  
  72  5:45  Forge  
  72  5:47  Probe  
  72  5:48  Probe  
  72  5:49  Assimilator  
  74  5:51  Assimilator  
  72  5:59  Immortal (Chrono Boost)  
  72  6:02  Probe  
  75  6:20  Gateway, Protoss Ground Weapons Level 1 (Chrono Boost)  
  75  6:21  Gateway  
  74  6:27  Probe  
  74  6:30  Gateway  
  74  6:31  Warp Prism (Chrono Boost)  
  74  6:32  Gateway  
  77  6:38  Probe  
  77  6:39  Templar Archives  
  78  6:42  Pylon, Probe  
  79  6:48  Probe  
  81  7:01  Probe x3  
  81  7:06  Immortal (Chrono Boost)  
  85  7:14  Zealot x2  
  87  7:23  Probe  
  87  7:24  Probe  
  87  7:26  Pylon  
  87  7:28  Pylon, High Templar x2  
  93  7:30  Charge  
  93  7:32  Archon  
  93  7:34  Zealot x2  
  97  7:37  Zealot x2  
  97  7:39  Probe  
  97  7:41  Immortal (Chrono Boost)  
  104  7:45  Assimilator  
  104  7:47  Assimilator  
  104  7:48  Probe x2  
  106  7:51  Robotics Facility  
  106  7:52  Pylon  
  106  7:54  Probe  
  107  7:58  Probe x2  
  109  8:06  Gateway, Probe  
  109  8:08  Gateway  
  109  8:11  Probe  
  109  8:12  Protoss Ground Weapons Level 2 (Chrono Boost)  
  111  8:13  High Templar x2  
  111  8:16  Probe  
  111  8:18  Probe  
  111  8:19  Archon  
  117  8:20  Photon Cannon  
  117  8:21  Probe  
  117  8:23  Immortal (Chrono Boost)  
  122  8:37  Gateway x2  
  122  8:42  Pylon  
  122  8:52  High Templar x2  
  126  8:57  Archon  
  125  9:06  High Templar  
  125  9:07  High Templar, Zealot x4  
  135  9:10  Archon  
  135  9:15  Immortal  
  133  9:27  Zealot x2  
  133  9:29  Zealot x4  
  117  9:38  Immortal (Chrono Boost)  
  111  9:49  Zealot x3  
  106  9:53  Pylon  
  106  9:54  Immortal (Chrono Boost)  
  106  9:56  Zealot x4  
  106  9:58  Probe x2  
  108  10:00  Probe  
  108  10:03  Zealot x2  
  111  10:09  Zealot x3  
  112  10:18  Immortal (Chrono Boost), Probe  
  112  10:19  Probe  
  112  10:20  Probe  
  114  10:27  Nexus  
  114  10:31  Protoss Ground Weapons Level 3 (Chrono Boost), Warp Prism (Chrono Boost)  
  114  10:32  High Templar x4  
  124  10:38  Photon Cannon, Archon x2  
  124  10:40  Pylon  
  124  10:51  Pylon  
  122  10:57  High Templar x4  
  122  10:58  Immortal  
  122  11:01  Archon x2  
  122  11:03  Pylon  
  134  11:16  Zealot x5  
  144  11:18  Photon Cannon  
  144  11:38  High Templar x3  
  144  11:39  High Templar  
  152  11:43  Archon x2  
  152  11:44  Assimilator  
  152  11:45  Zealot x5  
  152  11:47  Immortal (Chrono Boost)  
  152  11:49  Immortal (Chrono Boost)  
  152  11:50  Assimilator  
  152  11:51  Photon Cannon  
  160  11:55  Photon Cannon  
  160  11:57  Pylon x2  
  160  12:02  Zealot x3  
  166  12:17  High Templar x2  
  166  12:21  Archon  
  166  12:22  Zealot x3  
  176  12:25  Immortal (Chrono Boost)  
  176  12:26  Observer (Chrono Boost)  
  181  12:44  Pylon  
  181  12:45  Observer (Chrono Boost)  
  181  12:46  Pylon  
  181  12:48  Pylon  
  180  12:57  High Templar x4  
  188  13:01  Archon x2  
  188  13:02  Zealot  
  188  13:04  Zealot x5  
  170  13:24  Zealot x2  
  170  13:26  Zealot x4  
  108  13:35  Zealot x4  
  88  13:49  Zealot x2  
  88  13:50  Zealot x3  
Show
View Real Time Build Order
Export as new Build Order

IIIIIIIIIIII Protoss - Winner!

Build Orders: Archon Immortal 

Get SALT Encoding   

  12  0:01  Probe (Chrono Boost)  
  13  0:12  Probe (Chrono Boost)  
  14  0:18  Pylon  
  14  0:22  Probe (Chrono Boost)  
  15  0:36  Probe (Chrono Boost)  
  15  0:38  Gateway  
  15  0:42  Assimilator  
  16  0:47  Probe (Chrono Boost)  
  17  0:53  Assimilator  
  17  0:57  Probe (Chrono Boost)  
  18  1:04  Gateway  
  18  1:08  Probe (Chrono Boost)  
  19  1:18  Probe (Chrono Boost)  
  20  1:27  Cybernetics Core  
  20  1:29  Probe (Chrono Boost)  
  20  1:31  Pylon  
  22  1:40  Probe (Chrono Boost)  
  22  1:50  Probe (Chrono Boost)  
  23  2:03  Stalker x2  
  23  2:06  Probe  
  28  2:09  Pylon  
  28  2:17  Warp Gate (Chrono Boost)  
  28  2:18  Mothership Core  
  30  2:33  Sentry  
  32  2:43  Nexus  
  32  2:44  Probe  
  33  2:57  Probe  
  34  3:00  Robotics Facility  
  34  3:09  Probe  
  35  3:17  Forge  
  35  3:21  Pylon  
  35  3:22  Probe  
  36  3:34  Probe  
  37  3:37  Twilight Council  
  37  3:42  Protoss Ground Weapons Level 1 (Chrono Boost)  
  37  3:46  Probe  
  38  3:49  Observer (Chrono Boost)  
  39  3:56  Probe  
  39  3:58  Probe  
  41  4:06  Probe  
  42  4:10  Probe  
  42  4:11  Immortal (Chrono Boost)  
  42  4:16  Charge  
  47  4:17  Probe  
  47  4:22  Probe  
  49  4:24  Assimilator  
  49  4:26  Assimilator  
  49  4:28  Probe  
  50  4:34  Probe  
  51  4:39  Probe  
  51  4:40  Immortal (Chrono Boost)  
  56  4:46  Probe  
  56  4:51  Probe  
  58  4:55  Pylon  
  58  4:58  Probe  
  59  5:00  Gateway  
  59  5:02  Gateway  
  59  5:04  Probe  
  60  5:11  Templar Archives  
  60  5:12  Probe  
  61  5:16  Probe  
  61  5:17  Immortal  
  62  5:24  Probe  
  67  5:30  Pylon  
  67  5:32  Pylon, Protoss Ground Weapons Level 2 (Chrono Boost)  
  67  5:35  Pylon  
  67  5:39  Pylon  
  67  5:42  Probe  
  65  5:59  Zealot x4  
  73  6:04  Immortal  
  77  6:26  Probe x2  
  77  6:28  High Templar x2, Zealot x2  
  87  6:32  Archon  
  87  6:37  Nexus  
  87  6:38  Probe x2  
  89  6:41  Pylon  
  89  6:46  Observer  
  89  6:53  Probe x2  
  92  7:02  Zealot  
  92  7:03  Zealot x2, Nexus  
  92  7:06  Pylon  
  98  7:14  Warp Prism  
  98  7:15  Probe x2  
  98  7:18  High Templar  
  104  7:22  Gateway  
  104  7:23  Gateway  
  104  7:26  High Templar  
  104  7:29  High Templar x2  
  110  7:32  Archon  
  110  7:35  Probe x2  
  111  7:43  Pylon x2  
  111  7:47  Gateway  
  111  7:51  Archon  
  111  7:52  High Templar  
  111  7:56  Protoss Ground Armor Level 1 (Chrono Boost)  
  113  8:00  Photon Cannon  
  113  8:03  Photon Cannon  
  111  8:07  High Templar x2  
  111  8:08  High Templar  
  111  8:12  Archon x2  
  117  8:16  Gateway  
  117  8:17  Gateway  
  117  8:21  Gateway  
  117  8:27  Probe  
  117  8:28  Probe x2  
  117  8:31  Zealot x2  
  117  8:32  Zealot  
  126  8:38  Probe  
  126  8:41  Assimilator  
  127  8:43  Assimilator  
  125  9:06  Zealot x4  
  125  9:08  High Templar  
  125  9:09  High Templar, Zealot  
  139  9:13  Pylon  
  139  9:14  Archon  
  139  9:15  Pylon  
  139  9:16  Pylon  
  133  9:26  Immortal  
  133  9:29  Pylon x2  
  133  9:30  Pylon  
  115  9:46  Protoss Ground Weapons Level 3 (Chrono Boost)  
  115  9:49  Zealot x7  
  115  9:51  Robotics Facility  
  101  10:04  Immortal (Chrono Boost)  
  95  10:20  High Templar x4  
  95  10:21  High Templar x2  
  101  10:28  Archon x2  
  101  10:29  Archon  
  101  10:31  Gateway x3  
  101  10:36  Immortal (Chrono Boost)  
  101  10:38  Nexus  
  101  10:40  Pylon  
  105  10:49  Probe x2  
  107  10:52  High Templar x2, Zealot  
  107  10:53  Zealot x2  
  107  10:57  Immortal  
  117  11:02  Probe  
  117  11:03  Probe  
  123  11:06  Dark Shrine  
  123  11:10  Immortal, Probe  
  124  11:15  Probe  
  124  11:17  Probe  
  124  11:18  Photon Cannon  
  130  11:22  Probe  
  130  11:24  Archon  
  131  11:27  Sentry  
  131  11:29  Probe  
  131  11:31  Immortal  
  134  11:33  Probe  
  137  11:44  Immortal  
  137  11:49  Blink  
  141  11:55  Pylon  
  141  11:57  Pylon  
  141  11:59  Photon Cannon  
  141  12:00  High Templar x2  
  145  12:05  Immortal  
  145  12:09  Archon  
  145  12:10  Zealot x2  
  153  12:18  Immortal  
  153  12:28  High Templar x2  
  161  12:30  Zealot x5  
  161  12:34  Archon  
  171  12:39  Immortal  
  171  12:47  Photon Cannon  
  171  12:49  Photon Cannon  
  171  12:58  High Templar x2, Zealot x6  
  175  13:04  Archon, Probe  
  190  13:13  Zealot x3  
  190  13:17  Zealot x2  
  172  13:20  Zealot  
  172  13:22  Zealot x3  
  138  13:28  Zealot x2  
  138  13:33  Zealot x2  
  127  13:47  Stalker x5  
  137  13:50  High Templar x4  
  141  13:57  Archon x2  
Tags
 
Add a new tag
Caveats
  • Supply blocks, unpowered buildings, or Contaminate may cause inaccurate times.
  • Supply counts are checked every 10 seconds.